 Dungeon Crawl Stone Soup version 0.27-a0-223-ge082b6e869 (webtiles) character file.

Game seed: 11332219994855467854

947 sanka the Covert (level 7, -13/33 HPs)
             Began as a Spriggan Enchanter on Feb 1, 2021.
             Mangled by Prince Ribbit (14 damage)
             ... on level 5 of the Dungeon.
             The game lasted 00:11:01 (6936 turns).

sanka the Covert (Spriggan Enchanter)               Turns: 6936, Time: 00:11:01

Health: -13/33     AC:  2    Str:  4    XL:     7   Next: 89%
Magic:  8/12       EV: 20    Int: 16    God:
Gold:   332        SH:  0    Dex: 19    Spells: 6/12 levels left

rFire    . . .     SeeInvis +   a - +2 dagger (vamp)
rCold    . . .     Faith    .   (shield restricted)
rNeg     . . .     Spirit   .   b - +0 robe
rPois    .         Reflect  .   (helmet restricted)
rElec    .         Harm     .   (no cloak)
rCorr    .         Rampage  .   (gloves unavailable)
Will     ++...     Rnd*Tele +   (boots unavailable)
Stlth    ++++......             (no amulet)
HPRegen  0.11/turn              p - ring of teleportation (curse)
MPRegen  0.13/turn              j - ring of willpower

@: very quick
A: very small, unfitting armour, see invisible, speed 3
a: no special abilities


You were on level 5 of the Dungeon.
You visited 1 branch of the dungeon, and saw 5 of its levels.

You collected 332 gold pieces.


Innate Abilities, Weirdness & Mutations

You are very small and have problems with some larger weapons.
You are too small for most types of armour.
You have supernaturally acute eyesight. (SInv)
You cover ground extremely quickly.


   Skills:
 + Level 1.2 Fighting
 - Level 5.0 Short Blades
 + Level 4.0 Dodging
 - Level 8.0 Stealth
 - Level 3.0 Spellcasting
 - Level 8.0 Hexes


You had 6 spell levels left.
You knew the following spells:

 Your Spells              Type           Power        Failure   Level
x - Confusing Touch       Hex            28%          1%          3
z - Ensorcelled Hibernat  Hex/Ice        30%          5%          2
Z - Corona                Hex            31%          1%          1

Your spell library contained the following spells:

 Spells                   Type           Power        Failure   Level
 Tukima's Dance           Hex            28%          1%          3
 Dazzling Flash           Conj/Hex       30%          11%         3

Inventory:

Hand Weapons
 a - a +2 vampiric dagger (weapon)
Missiles
 t - a throwing net {=f}
Armour
 b - a +0 robe (worn)
 s - a cursed +0 buckler
Jewellery
 f - an uncursed ring of resist corrosion
 j - a ring of willpower (right hand)
 p - a cursed ring of teleportation (left hand)
Scrolls
 d - 4 scrolls of identify {@r1}
 e - 3 scrolls of fear
 g - 4 scrolls of remove curse
 h - 2 scrolls of blinking
 i - 4 scrolls of teleportation {@r4}
 m - 3 scrolls of enchant weapon
 n - a scroll of magic mapping
 u - a scroll of immolation {unknown}
 x - a scroll of noise {unknown}
 y - 2 scrolls of random uselessness {unknown}
Potions
 c - a potion of lignification {unknown}
 k - a potion of magic {unknown}
 l - 3 potions of curing {unknown}
 o - a potion of attraction {unknown}
 q - 2 potions of invisibility {unknown}
 r - a potion of cancellation {unknown}
 v - a potion of flight {unknown}
 w - a potion of heal wounds {unknown}
 z - a potion of brilliance {unknown}
 A - a potion of berserk rage {unknown}
 B - 2 potions of might {unknown}

Dungeon Overview and Level Annotations

Branches:
Dungeon (5/15)
 Temple: D:4-7

Altars:
Elyvilon
Fedhas
Okawaru
Sif Muna
Xom
Zin

Shops:
D:4 *=**

Annotations:
D:4 2 transporters
D:5 Prince Ribbit

...▒...▒ '..▒........▒...
...▒...▒ ..▒......o.▒...
...▒▒'▒▒▒▒▒▒▒▒▒▒▒▒▒'▒........▒▒..
..))..................▒▒▒........
.)....................▒ ▒.▒▒▒▒▒▒▒
......................▒ ▒.▒ ▒▒▒ ▒
..(..........[........▒ ▒o▒ ▒▒▒ ▒
..................[...▒▒▒.+ ._. +
.▒▒▒▒▒▒▒'▒▒▒▒▒▒▒i.▒▒▒..▒▒.▒ ▒.▒ ▒
.▒ ▒.....▒....F'_'.....▒ ▒.▒ ▒ .▒
▒.....▒.....▒▒▒.....▒ ▒+▒ ▒ .▒
▒.[..▒▒▒▒▒......▒▒▒.... . .▒
▒....▒ ▒▒...... ▒▒..▒▒ .▒ ▒.....
...'.... .... .▒ ▒▒...▒▒ ...▒....
..... .▒ ▒...▒ ....▒.... ......
.▒ ..... ....▒ ... .....


You could see Prince Ribbit.


Message History

Items here: )) [[ †.
Things that are here:
a +0 trident; an orc corpse
Things that are here:
a +0 leather armour; a +0 flail; an orc skeleton You now have 332 gold pieces (gained 6).
You see here a leather armour.
You see here 23 sling bullets.
Prince Ribbit is nearby!
Prince Ribbit is nearby!
Prince Ribbit is nearby!
Prince Ribbit gives a loud, deep croak!
Prince Ribbit hits you!
There is an open door, spattered with blood here.
You hit Prince Ribbit.
Prince Ribbit is lightly wounded.
Aiming: Ensorcelled Hibernation (safe; 5% risk of failure)
Aim: Prince Ribbit (lightly wounded, chance to affect: 28%) Prince Ribbit easily resists.
Prince Ribbit hits you! Prince Ribbit closely misses you.
Aiming: Ensorcelled Hibernation (safe; 5% risk of failure)
Aim: Prince Ribbit (lightly wounded, chance to affect: 28%) Prince Ribbit easily resists.
Prince Ribbit hits you!!
Ouch! That really hurt!
* * * LOW HITPOINT WARNING * * *
Okay, then.
Prince Ribbit hits you!
You die...

Action                   |  1- 3 |  4- 6 |  7- 9 || total
-------------------------+-------+-------+-------++-------
Melee: Dagger            |    67 |    93 |    54 ||   214
 Cast: Corona            |     5 |       |       ||     5
       Ensorcelled Hiber |    14 |    47 |    25 ||    86
       Confusing Touch   |       |     1 |     4 ||     5
  Use: Scroll            |       |     6 |       ||     6
 Stab: Sleeping          |    24 |    31 |    19 ||    74
       Distracted        |       |     1 |     1 ||     2
       Confused          |       |     1 |     4 ||     5
Armor: Robe              |     1 |     6 |     4 ||    11
Dodge: Dodged            |    39 |    93 |    46 ||   178

Levels and vault maps discovered:
D:1:      minmay_arrival_semitransparent, layout_loops_corners,
          minmay_pentomino_w4
D:2:      layout_loops_ring, nicolae_overflow_crystal_walls
D:3:      layout_loops_cross, overflow_temple_1_default,
          minmay_misc_feat_more_columns, minmay_misc_feat_enclosed,
          minmay_tree_intersection
D:4:      gammafunk_cloud_chamber, layout_basic, kennysheep_mini, serial_shops,
          nicolae_shop_trees, nicolae_shop_stone, shop, shop
D:5:      layout_gridville, kennysheep_mini_moat, lemuel_doored_altar,
          minmay_temple_entry_butterflies, fedhas_bush_and_centaur_altar,
          uniq_prince_ribbit1

Notes
Turn   | Place    | Note
-------+----------+-------------------------------------------
     0 | D:1      | sanka the Spriggan Enchanter began the quest for the Orb.
     0 | D:1      | Reached XP level 1. HP: 9/9 MP: 5/5
    44 | D:1      | Reached skill level 5 in Stealth
   247 | D:1      | Reached XP level 2. HP: 7/13 MP: 4/6
   436 | D:1      | Learned a level 2 spell: Ensorcelled Hibernation
   823 | D:1      | Reached skill level 6 in Stealth
  1999 | D:2      | Reached XP level 3. HP: 16/16 MP: 8/8
  2048 | D:2      | Found an iron altar of Okawaru.
  2321 | D:2      | Reached skill level 7 in Stealth
  2771 | D:3      | Reached XP level 4. HP: 21/21 MP: 9/9
  2950 | D:3      | Reached skill level 8 in Stealth
  2950 | D:3      | Reached skill level 2 in Short Blades
  2954 | D:3      | Learned a level 3 spell: Confusing Touch
  3361 | D:3      | Found a glowing silver altar of Zin.
  3385 | D:3      | Reached XP level 5. HP: 24/24 MP: 10/10
  3735 | D:4      | Found Ynnianiah's Assorted Antiques.
  3749 | D:4      | Found Xass's Assorted Antiques.
  3749 | D:4      | Noticed an ogre
  3929 | D:3      | Reached skill level 3 in Short Blades
  4128 | D:3      | Killed an ogre
  4129 | D:3      | Reached skill level 4 in Short Blades
  4732 | D:4      | Reached skill level 5 in Short Blades
  4732 | D:4      | Reached XP level 6. HP: 28/28 MP: 4/11
  4820 | D:4      | Found a transporter.
  4885 | D:4      | Found Qizil's General Store.
  4926 | D:4      | Found Jereif's Jewellery Emporium.
  5028 | D:4      | Found a shimmering altar of Xom.
  5131 | D:4      | Found a transporter.
  5133 | D:4      | Noticed an ice beast
  5133 | D:4      | Noticed an ice beast
  5133 | D:4      | Noticed an ice beast
  5295 | D:4      | Reached skill level 3 in Spellcasting
  5295 | D:4      | Reached skill level 4 in Hexes
  5633 | D:4      | Reached skill level 5 in Hexes
  5680 | D:4      | Reached skill level 6 in Hexes
  5680 | D:4      | Reached XP level 7. HP: 32/32 MP: 12/12
  5858 | D:5      | Entered Level 5 of the Dungeon
  5930 | D:5      | Found a shimmering blue altar of Sif Muna.
  5933 | D:5      | Noticed Prince Ribbit
  6024 | D:5      | Reached skill level 7 in Hexes
  6178 | D:5      | Reached skill level 8 in Hexes
  6252 | D:5      | Found a blossoming altar of Fedhas.
  6457 | D:5      | Reached skill level 1 in Fighting
  6477 | D:5      | Found a white marble altar of Elyvilon.
  6755 | D:5      | Reached skill level 4 in Dodging
  6933 | D:5      | HP: 1/33 [Prince Ribbit (18)]
  6936 | D:5      | Mangled by Prince Ribbit

Vanquished Creatures
  A centaur (D:5)
  5 ogres
  2 scorpions
  2 bullfrog skeletons
  A hound (D:5)
  2 orc wizards (D:4)
  A worker ant (D:3)
  6 adders
  A white imp (D:5)
  An ufetubus (D:5)
  2 oozes
  2 worms (D:2)
  4 dart slugs
  3 leopard geckos
  17 orcs
  5 bats
  2 giant cockroaches
  5 hobgoblins
  7 jackals
  A quokka (D:5)
  8 frilled lizards
  11 goblins
  7 kobolds
  5 rats
  A butterfly (D:5)
102 creatures vanquished.
